 Dungeon Crawl Stone Soup version 0.30.1-11-g7821555f0a (webtiles) character file.

Game seed: 13755336967942426293

10587 Jerry the Grappler (level 11, 0/109 HPs)
             Began as a Troll Fighter on Dec 12, 2023.
             Was an Elder of the Shining One.
             Slain by a six-headed hydra (3 damage)
             ... on level 1 of the Lair of Beasts.
             The game lasted 00:28:05 (7763 turns).

Jerry the Grappler (Troll Fighter)                  Turns: 7763, Time: 00:28:06

Health: 0/109      AC: 10    Str: 36    XL:     11   Next: 38%
Magic:  23/23      EV: 15    Int:  2    God:    the Shining One [****..]
Gold:   643        SH: 10    Dex: 11    Spells: 10/10 levels left

rFire   + +          .
                       - Unarmed
rCold   x . .        b - +0 kite shield
rNeg    + + +        C - +0 acid dragon scales
rPois   +            (helmet restricted)
rElec   +            a - +0 cloak
rCorr   +            (gloves unavailable)
SInv    .            (boots unavailable)
Will    .....        t - amulet of the acrobat
Stlth   +            n - +5 ring of evasion
HPRegen 1.18/turn    f - ring of Gurghola {Fire rPois rN+ MP+9 Str+2}
MPRegen 0.18/turn

%: acrobat
@: lethally poisoned (0 -> -5), glowing
A: large, unfitting armour, claws 3, regeneration 1, shaggy fur 1, tough skin 1,
fire resistance 1, electricity resistance, strong 2
a: Renounce Religion, Divine Shield, Cleansing Flame


You were on level 1 of the Lair of Beasts.
You worshipped the Shining One.
The Shining One was greatly pleased with you.
You visited 3 branches of the dungeon, and saw 12 of its levels.

You collected 643 gold pieces.

Inventory:

Hand Weapons
 q - a +5 halberd
 y - the +5 trident of Sloth {heavy, rElec rC+ rCorr Str+4}
   (You found it on level 7 of the Dungeon)

   Str:       It affects your strength (+4).
   rC:        It protects you from cold.
   rElec:     It insulates you from electricity.
   rCorr:     It protects you from acid and corrosion.
Armour
 a - a +0 cloak (worn)
 b - a +0 kite shield (worn)
 z - a +1 robe of fire resistance
 C - +0 acid dragon scales (worn)
 E - a +0 troll leather armour
Jewellery
 f - the ring of Gurghola (right claw) {Fire rPois rN+ MP+9 Str+2}
   (You acquired it on level 3 of the Dungeon)

   [ring of fire]

   It enhances your fire magic.
   Str:       It affects your strength (+2).
   rF:        It protects you from fire.
   rC:        It makes you vulnerable to cold.
   rPois:     It protects you from poison.
   rN:        It protects you from negative energy.
   MP:        It affects your magic capacity (+9).
 n - a +5 ring of evasion (left claw)
 t - an amulet of the acrobat (around neck)
 u - a ring of protection from fire
 x - a ring of protection from cold
 A - a ring of see invisible
 B - a +6 ring of intelligence
Wands
 g - a wand of flame (55)
 h - a wand of roots (19)
 k - a wand of charming (16)
 w - a wand of mindburst (6)
Scrolls
 i - 4 scrolls of enchant weapon
 D - 2 scrolls of fear
 H - a scroll of silence {unknown}
Potions
 c - a potion of cancellation
 d - 2 potions of ambrosia
 e - 4 potions of lignification
 j - 7 potions of curing {unknown}
 m - 3 potions of heal wounds
 o - 5 potions of flight
 p - 3 potions of attraction
 r - 2 potions of magic {unknown}
 s - 3 potions of brilliance {unknown}
 v - 3 potions of degeneration {unknown}
 G - a potion of haste


   Skills:
 + Level 7.2 Fighting
 + Level 4.0 Armour
 - Level 5.6 Dodging
 + Level 7.9 Shields
 + Level 10.0 Unarmed Combat
 + Level 5.8 Invocations


You had 10 spell levels left.
You didn't know any spells.
Your spell library contained the following spells:

 Spells                   Type           Power      Damage    Failure   Level
 Freeze                   Ice            0%         1d3       75%         1
 Summon Small Mammal      Summ           0%         N/A       75%         1
 Lesser Beckoning         Tloc           0%         N/A       87%         2
 Static Discharge         Conj/Air       0%         2-2/arc   87%         2
 Call Canine Familiar     Summ           0%         N/A       98%         3
 Frozen Ramparts          Ice            0%         1d1       98%         3
 Gell's Gravitas          Tloc           0%         N/A       98%         3
 Hailstorm                Conj/Ice       0%         3d3       98%         3
 Stone Arrow              Conj/Erth      0%         3d7       98%         3
 Summon Guardian Golem    Hex/Summ       0%         N/A       98%         3
 Teleport Other           Tloc           0%         N/A       98%         3
 Airstrike                Air            0%         2d(0-16)  100%        4
 Animate Armour           Summ/Erth      0%         N/A       100%        4
 Summon Lightning Spire   Summ/Air       0%         N/A       100%        4
 Lehudib's Crystal Spear  Conj/Erth      0%         10d2      100%        8


Dungeon Overview and Level Annotations

Branches:
Dungeon (9/15)             Temple (1/1) D:4            Lair (2/5) D:9
    Orc (0/2) D:9
  Swamp: Lair:2-3    Shoals: Lair:2-3     Snake: Lair:2-3    Spider: Lair:2-3

Altars:
Ashenzari
Cheibriados
Dithmenos
Elyvilon
Fedhas
Gozag
Hepliaklqana
Kikubaaqudgha
Nemelex Xobeh
Okawaru
Qazlal
Ru
Sif Muna
Trog
Uskayaw
Vehumet
Wu Jian
Xom
Yredelemnul
The Shining One

Shops:
D:2 [


Innate Abilities, Weirdness & Mutations

You are too large for most types of armour.
You have claws for hands.
Your natural rate of healing is unusually fast.
You are covered in fur. (AC +1)
You have tough skin. (AC +1)
Your flesh is heat resistant. (rF+)
You are resistant to electric shocks. (rElec)
Your muscles are very strong. (Str +8, Int/Dex -2)


Message History

You block the six-headed hydra's attack. x3
The six-headed hydra bites you.
You are too injured to fight recklessly!
You are too injured to fight recklessly!
You barely miss the cane toad. The cane toad stings you!!
The six-headed hydra closely misses you.
The six-headed hydra bites you! The six-headed hydra bites you. x2
The six-headed hydra bites you but does no damage.
The six-headed hydra barely misses you.
You claw the cane toad!
The cane toad is moderately wounded.
You block the cane toad's attack.
You claw the cane toad!
The cane toad is severely wounded.
You block the cane toad's attack. The six-headed hydra bites you!
The six-headed hydra closely misses you.
The six-headed hydra bites you but does no damage.
You block the six-headed hydra's attack.
The six-headed hydra bites you!
* * * LOW HITPOINT WARNING * * *
The six-headed hydra closely misses you.
You barely miss the cane toad.
The cane toad is severely wounded.
The cane toad stings you!
* * * LOW HITPOINT WARNING * * *
You are poisoned.
The cane toad poisons you!
You block the six-headed hydra's attack.
The six-headed hydra misses you.
You block the six-headed hydra's attack.
The six-headed hydra bites you!
* * * LOW HITPOINT WARNING * * *
The six-headed hydra bites you but does no damage.
The six-headed hydra misses you.
You mangle the cane toad!!
You kill the cane toad!
* * * LOW HITPOINT WARNING * * *
You feel very sick. The six-headed hydra bites you.
You die...

.#.##..#
#.#..#........#.#
........
......#........#.#
........
......#.P#.#.##..#
........
.................#
........
.................#
........
.................#
........
.................#
....##.#
#.............#
........
#...@.#.##....#
....#...
#..D.#....#...#
....# .
#....+....#...#
....#
#.............#
....#
......#....#...#
.......
..#....#....#...#
....#...
........#..... ..
........
...#.....##.#..
....##.#


You could see a six-headed hydra.

Vanquished Creatures
  Erica (Lair:1)
  Urug (Lair:2)
  Maurice (D:8)
  4 torpor snails (Lair:2)
  3 cane toads (Lair:1)
  A troll (D:9)
  A hornet (D:9)
  2 shadows (D:9)
  A wraith (D:5)
  6 yaks (D:9)
  5 wyverns
  A steam dragon (D:8)
  Eustachio (D:4)
  An acid dragon (D:8)
  9 water moccasins
  An ice beast (D:6)
  2 orc warriors (D:8)
  3 black bears
  3 ogres
  4 centaurs
  A phantom (D:9)
  A kobold brigand (D:7)
  5 bullfrogs
  6 scorpions
  5 wights (D:8)
  A troll zombie (D:9)
  2 howler monkeys (D:9)
  2 jellies
  4 hounds
  Crazy Yiuf (D:7)
  5 orc priests
  A gnoll bouda (D:8)
  3 sleepcaps
  Natasha (twice) (D:3)
  3 iguanas
  6 orc wizards
  7 ogre zombies (D:9)
  11 gnolls
  10 adders
  2 shadow imps
  3 white imps
  An ufetubus (D:4)
  2 worms
  4 dart slugs
  27 orcs
  7 ball pythons
  5 bats
  9 endoplasms
  5 giant cockroaches
  7 goblins
  10 hobgoblins
  3 quokkas
  4 frilled lizards
  A goblin skeleton (D:9)
  A goblin zombie (D:9)
  2 hobgoblin zombies (D:9)
  16 kobolds
  4 orc skeletons (D:9)
  17 orc zombies (D:9)
  4 rats
261 creatures vanquished.

Vanquished Creatures (others)
  An orc wizard (D:4)
1 creature vanquished.

Grand Total: 262 creatures vanquished

Notes
Turn   | Place    | Note
-------+----------+-------------------------------------------
     0 | D:1      | Jerry the Troll Fighter began the quest for the Orb.
     0 | D:1      | Reached XP level 1. HP: 22/22 MP: 0/0
    79 | D:1      | Reached XP level 2. HP: 29/29 MP: 1/1
   649 | D:1      | Reached XP level 3. HP: 36/36 MP: 2/2
  1104 | D:2      | Found Nolameor's Armour Boutique.
  1130 | D:2      | Reached skill level 3 in Unarmed Combat
  1263 | D:2      | Reached XP level 4. HP: 44/44 MP: 3/3
  1656 | D:3      | Noticed Natasha
  1661 | D:3      | Killed Natasha
  1796 | D:3      | Found a shadowy altar of Dithmenos.
  1828 | D:3      | Reached XP level 5. HP: 53/53 MP: 4/4
  1875 | D:3      | Noticed Natasha
  1909 | D:3      | Killed Natasha
  1981 | D:3      | Found a hide-covered altar of Uskayaw.
  2212 | D:3      | Reached skill level 4 in Unarmed Combat
  2348 | D:3      | Identified a scroll of acquirement
  2348 | D:3      | Acquired the ring of Gurghola {Fire rPois rN+ MP+9 Str+2}
  2635 | D:4      | Reached XP level 6. HP: 60/61 MP: 5/5
  2683 | D:4      | Noticed Eustachio
  2701 | D:4      | Killed Eustachio
  2852 | D:4      | Found a staircase to the Ecumenical Temple.
  2861 | Temple   | Entered the Ecumenical Temple
  3021 | D:4      | Reached skill level 5 in Unarmed Combat
  3142 | D:4      | Reached XP level 7. HP: 67/67 MP: 6/6
  3460 | D:5      | Entered Level 5 of the Dungeon
  3465 | D:5      | Found an opulent altar of Gozag.
  3575 | D:5      | Noticed a wraith
  3589 | D:5      | Killed a wraith
  3590 | D:5      | Reached skill level 6 in Unarmed Combat
  3619 | D:5      | Reached XP level 8. HP: 77/78 MP: 7/7
  3930 | D:5      | Reached skill level 5 in Shields
  3933 | D:5      | Found a glowing golden altar of the Shining One.
  3936 | D:5      | Found a basalt altar of Yredelemnul.
  3938 | D:5      | Noticed a profane servitor
  3952 | D:5      | Noticed an angel
  3957 | D:5      | Became a worshipper of the Shining One
  4134 | D:6      | Reached skill level 7 in Unarmed Combat
  4222 | D:5      | Reached skill level 1 in Invocations
  4445 | D:6      | Reached XP level 9. HP: 73/87 MP: 9/9
  4747 | D:7      | Reached skill level 5 in Dodging
  4792 | D:7      | Reached skill level 5 in Fighting
  4813 | D:7      | Reached skill level 8 in Unarmed Combat
  4933 | D:7      | Identified the +5 trident of Sloth {heavy, rElec rC+ rCorr
                  | Str+4}
  5229 | D:7      | Found a runed translucent door.
  5230 | D:7      | Noticed Crazy Yiuf
  5238 | D:7      | Killed Crazy Yiuf
  5537 | D:8      | Found a sparkling altar of Nemelex Xobeh.
  5608 | D:8      | Reached * piety under the Shining One
  5789 | D:8      | Noticed Maurice
  5820 | D:8      | Killed Maurice
  5821 | D:8      | Reached XP level 10. HP: 98/98 MP: 11/11
  6099 | D:9      | Reached skill level 1 in Armour
  6168 | D:9      | Found a staircase to the Lair.
  6206 | D:9      | Reached skill level 9 in Unarmed Combat
  6382 | D:9      | Reached ** piety under the Shining One
  6446 | D:9      | Reached *** piety under the Shining One
  6447 | D:9      | Found a staircase to the Orcish Mines.
  6627 | D:9      | Reached **** piety under the Shining One
  6641 | D:9      | Reached skill level 5 in Invocations
  6846 | D:9      | Found an ancient bone altar of Kikubaaqudgha.
  7093 | Lair:1   | Entered Level 1 of the Lair of Beasts
  7143 | Lair:1   | Noticed Erica
  7143 | Lair:1   | Noticed a five-headed hydra
  7181 | Lair:1   | Killed Erica
  7182 | Lair:1   | Reached XP level 11. HP: 93/107 MP: 13/13
  7373 | Lair:1   | You fall into a shaft and drop 1 floor!
  7376 | Lair:2   | Gained mutation: Your body sometimes deteriorates upon
                  | taking damage. [potion of mutation]
  7376 | Lair:2   | Gained mutation: You are agile. (Dex +4, Str/Int -1)
                  | [potion of mutation]
  7377 | Lair:2   | Lost mutation: Your body sometimes deteriorates upon taking
                  | damage. [potion of mutation]
  7377 | Lair:2   | Lost mutation: You are agile. (Dex +4, Str/Int -1) [potion
                  | of mutation]
  7377 | Lair:2   | Gained mutation: Your muscles are strong. (Str +4, Int/Dex
                  | -1) [potion of mutation]
  7377 | Lair:2   | Gained mutation: Your muscles are very strong. (Str +8,
                  | Int/Dex -2) [potion of mutation]
  7377 | Lair:2   | Gained mutation: You are resistant to electric shocks.
                  | (rElec) [potion of mutation]
  7377 | Lair:2   | Gained mutation: Your flesh is heat resistant. (rF+)
                  | [potion of mutation]
  7488 | Lair:2   | Found a snail-covered altar of Cheibriados.
  7590 | Lair:2   | Noticed Urug
  7603 | Lair:2   | Killed Urug
  7705 | Lair:2   | Noticed a six-headed hydra
  7710 | Lair:2   | Noticed a seven-headed hydra
  7758 | Lair:1   | Reached skill level 10 in Unarmed Combat
  7763 | Lair:1   | HP: 3/109 [poisoned by a cane toad]
  7763 | Lair:1   | Slain by a six-headed hydra

Illustrated notes

Levels and vault maps discovered:
D:1:      dpeg_arrival_pits, layout_basic, minmay_hexomino_f4
D:2:      layout_loops_ring, serial_shops, shop, minmay_stone_trees_medium,
          hangedman_decor_push
D:3:      layout_loops_ring, mainiacjoe_overflow_brackets,
          mainiacjoe_overflow_paths, uniq_natasha
D:4:      layout_basic, temple_hall, uniq_eustachio
D:5:      cheibrodos_barr_body, layout_cave_pools, grunt_gozag_breadcrumbs,
          grunt_temple_overflow_holy_war
D:6:      layout_rooms
D:7:      layout_cave_pools, uniq_crazy_yiuf_cottage
D:8:      layout_loops_ring, mainiacjoe_overflow_boulevard,
          minmay_misc_feat_roman, kb_lookout_dungeons_type, st_stairs_6,
          uniq_maurice
D:9:      layout_long_grid, mainiacjoe_overflow_alcove_1,
          minmay_lair_entry_grove, zombieorc2_lemuel
Temple:   dshaligram_water_room_temple
Lair:1:   layout_regular_city, uniq_erica
Lair:2:   nzn_winding_woodlands_three_and_one
          [nzn_winding_woodlands_5x15_parted, nzn_winding_woodlands_5x15_twine,
          nzn_winding_woodlands_5x15_zeroes,
          nzn_winding_woodlands_center_triple_pond], layout_small_grid,
          palyth_hydra_swamp_entry, enter_volcano_4, kennysheep_snail_temple,
          uniq_urug

Skill      XL: |  1  2  3  4  5  6  7  8  9 10 11 |
---------------+----------------------------------+-----
Shields        | 3 4 5 6 7 |  7.9
Unarmed Combat | 3 4 5 6 7 8 9 10 | 10.0
Fighting       | 3 4 5 6 7 |  7.2
Dodging        | 3 4 5 |  5.6
Invocations    | 1 3 5 |  5.8
Armour         | 3 4 |  4.0

Action                     |  1- 3 |  4- 6 |  7- 9 | 10-12 || total
---------------------------+-------+-------+-------+-------++-------
  Melee: Unarmed           |   123 |   129 |   329 |   224 ||   805
 Invoke: Divine Shield     |       |       |     1 |     1 ||     2
  Evoke: Wand              |       |       |       |     3 ||     3
    Use: Scroll            |       |     9 |     4 |     6 ||    19
         Potion            |       |       |     1 |     2 ||     3
   Stab: Sleeping          |     1 |       |     2 |       ||     3
 Armour: Robe              |    42 |    19 |    34 |       ||    95
         Acid dragon scale |       |       |     1 |    26 ||    27
  Dodge: Dodged            |    40 |    44 |   173 |    99 ||   356
  Block: Kite shield       |    44 |    39 |   115 |   103 ||   301
